 Dungeon Crawl Stone Soup version 0.28.0-53-g5a82cb258f (webtiles) character file.

Game seed: 6388829531558776109

2198 Zeld the Thaumaturge (level 9, -1/45 HPs)
             Began as a Deep Elf Fire Elementalist on May 22, 2022.
             Was a Follower of Vehumet.
             Killed by drain life
             ... invoked by a soul eater
             ... summoned by a kobold demonologist
              (12 damage)
             ... in a bailey.
             The game lasted 00:07:43 (8744 turns).

Zeld the Thaumaturge (Deep Elf Fire Elementalist)   Turns: 8744, Time: 00:07:43

Health: -1/45      AC:  2    Str:  5    XL:     9   Next: 12%
Magic:  10/24      EV: 14    Int: 25    God:    Vehumet [*.....]
Gold:   304        SH:  5    Dex: 15    Spells: 14/26 levels left

rFire   . . .      SeeInvis .   a - +2 short sword (drain)
rCold   . . .      Faith    .   (no shield)
rNeg    . . .      Spirit   .   l - +0 robe
rPois   .          Reflect  +   (no helmet)
rElec   .          Harm     .   (no cloak)
rCorr   +          Rampage  .   (no gloves)
Will    .....                   (no boots)
Stlth   ++........              D - amulet of reflection
HPRegen 0.15/turn               h - ring of resist corrosion
MPRegen 0.19/turn               (no ring)

@: no status effects
A: no striking features
a: Renounce Religion


You were in a bailey.
You worshipped Vehumet.
Vehumet was aware of your devotion.
You visited 2 branches of the dungeon, and saw 8 of its levels.
You also visited: Sewer and Bailey.

You collected 304 gold pieces.

Inventory:

Hand Weapons
 a - a +2 short sword of draining (weapon)
Armour
 l - a +0 robe (worn)
Jewellery
 h - a ring of resist corrosion (left hand)
 D - an amulet of reflection (around neck)
Wands
 t - a wand of iceblast (12)
 B - a wand of paralysis (10)
 C - a wand of polymorph (10)
Scrolls
 b - a scroll of holy word {unknown}
 d - 3 scrolls of magic mapping {unknown}
 e - 3 scrolls of noise {unknown}
 f - 10 scrolls of identify {unknown}
 g - 5 scrolls of teleportation {unknown}
 i - a scroll of amnesia {unknown}
 m - 4 scrolls of blinking {unknown}
 p - 2 scrolls of enchant armour {unknown}
 q - 2 scrolls of immolation {unknown}
 x - a scroll of enchant weapon {unknown}
 y - 5 scrolls of fear {unknown}
 z - 2 scrolls of vulnerability {unknown}
 A - 3 scrolls of fog {unknown}
Potions
 c - a potion of ambrosia {unknown}
 j - a potion of mutation {unknown}
 k - a potion of heal wounds {unknown}
 n - 2 potions of haste {unknown}
 o - 2 potions of degeneration {unknown}
 r - 2 potions of attraction {unknown}
 s - a potion of brilliance {unknown}
 u - 2 potions of lignification {unknown}
 v - a potion of might {unknown}
 w - 2 potions of flight {unknown}


   Skills:
 + Level 4.9 Dodging
 - Level 2.4 Stealth
 * Level 9.3 Spellcasting
 + Level 5.2 Conjurations
 - Level 2.0 Hexes
 - Level 2.0 Transmutations
 * Level 8.3 Fire Magic
 - Level 2.0 Air Magic
 - Level 2.0 Poison Magic


You had 14 spell levels left.
You knew the following spells:

 Your Spells              Type           Power      Damage    Failure   Level
a - Foxfire               Conj/Fire      100%       2x1d9     1%          1
b - Scorch                Fire           100%       2d10      1%          2
c - Inner Flame           Hex/Fire       37%        N/A       1%          3
d - Ignite Poison         Fire/Tmut/Pois 32%        N/A       3%          3
e - Mephitic Cloud        Conj/Pois/Air  26%        N/A       4%          3

Your spell library contained the following spells:

 Spells                   Type           Power      Damage    Failure   Level
 Magic Dart               Conj           100%       1d8       1%          1
 Conjure Flame            Conj/Fire      45%        6-21      1%          3
 Flame Wave               Conj/Fire      45%        2d10      3%          4
 Ensorcelled Hibernation  Hex/Ice        32%        N/A       5%          2
 Passwall                 Tmut/Erth      13%        N/A       5%          2
 Spider Form              Tmut/Pois      21%        N/A       7%          3
 Swiftness                Air            21%        N/A       7%          3
 Blink                    Tloc           22%        N/A       9%          2
 Lesser Beckoning         Tloc           11%        N/A       16%         3
 Ozocubu's Armour         Ice            11%        N/A       16%         3
 Anguish                  Hex/Necr       8%         N/A       34%         4
 Freezing Cloud           Conj/Ice/Air   11%        6-21      50%         5
 Manifold Assault         Tloc           11%        N/A       83%         5
 Ozocubu's Refrigeration  Ice            5%         4d6       100%        7


Dungeon Overview and Level Annotations

Branches:
Dungeon (7/15)             Temple (1/1) D:6           Sewer (visited)
 Bailey (1/1)

Altars:
Ashenzari
Cheibriados
Dithmenos
Elyvilon
Fedhas
Gozag
Hepliaklqana
Kikubaaqudgha
Makhleb
Nemelex Xobeh
Okawaru
Qazlal
Ru
Sif Muna
Trog
Vehumet
Wu Jian
Xom
Yredelemnul
Zin
The Shining One

Shops:
D:3 (


Message History

Flames lash the kobold demonologist but do no damage.
The kobold demonologist casts a spell.
The ufetubus barely misses you. The ufetubus misses you.
The kobold demonologist begins to cast a cantrip, but forgets the words!
Unknown command.
Casting: Scorch (safe; 1% risk of failure)
Confirm with . or Enter, or press ? or * to list all spells.
Flames lash the soul eater.
The soul eater is moderately wounded.
The soul eater's fire resistance burns away.
The ufetubus hits you. The ufetubus barely misses you.
The kobold demonologist hits you with a +0 war axe.
The soul eater draws from the surrounding life force!
The soul eater is healed.
You block the ufetubus's attack.
The ufetubus hits you but does no damage.
Unknown command.
Unknown command.
Casting: Scorch (safe; 1% risk of failure)
Confirm with . or Enter, or press ? or * to list all spells.
Aiming: Mephitic Cloud (dangerous; 4% risk of failure)
Press: ? - help, Shift-Dir - straight line, f - kobold demonologist
Aim: a kobold demonologist, wielding a +0 war axe and wearing a +0 scale mail (chance to affect: 72%)
Okay, then.
The kobold demonologist is no longer more vulnerable to fire.
The soul eater draws from the surrounding life force!
* * * LOW HITPOINT WARNING * * *
The soul eater is healed.
The kobold demonologist gestures wildly while chanting.
The ufetubus barely misses you. The ufetubus hits you.
* * * LOW HITPOINT WARNING * * *
Aiming: Paralyse
Press: ? - help, Shift-Dir - straight line, f - ufetubus
Aim: an ufetubus (summoned, chance to affect: 57%)
The ufetubus suddenly stops moving!
The kobold demonologist casts a spell.
Unknown command.
The ynoxinul gestures.
The kobold demonologist miscasts a cantrip.
The soul eater draws from the surrounding life force!
You die...

#≈≈≈≈≈#)...)....)#)......
#≈≈≈≈≈#....#....)).8.8)8.
#≈≈≈≈≈#.##############...
#≈≈≈≈≈≈.#[[+ #...
#≈≈≈≈≈≈.#[[# .#...
#≈≈≈≈≈≈.#..# ..####
#≈≈≈≈≈≈.######### ...##..
#≈≈≈≈≈≈.#..8K8..#3...##..
#≈≈≈≈≈≈∩@.K.54.354_..##..
#≈≈≈≈≈≈.#..8.8..#....##..
#≈≈≈≈≈≈.######### ...##..
#≈≈≈≈≈≈.# ..####
#≈≈≈≈≈≈.# .# #≈≈≈≈≈≈.#) #
#≈≈≈≈≈#.## #≈≈≈≈≈#..


You could see a soul eater (summoned, combustible), an orange demon (summoned),
2 kobold demonologists and an ufetubus (summoned, paralysed).

Vanquished Creatures
  An orc knight (Bailey)
  Prince Ribbit (D:6)
  Sigmund (D:4)
  Menkaure (D:4)
  An orc warrior (Bailey)
  An ogre (D:5)
  A black bear (D:6)
  2 kobold brigands (Sewer)
  3 scorpions
  A howler monkey (D:6)
  2 centaur zombies (D:7)
  A bullfrog zombie (D:3)
  A bullfrog skeleton (D:7)
  3 hounds
  A jelly (D:4)
  An orc priest (D:6)
  Ijyb (D:4)
  Terence (D:3)
  2 orc wizards (D:4)
  A hound skeleton (D:4)
  4 gnolls (Bailey)
  A howler monkey skeleton (D:5)
  12 adders
  3 river rats (Sewer)
  A shadow imp (D:5)
  3 white imps
  An adder zombie (D:5)
  An adder skeleton (D:4)
  7 worms
  A dart slug (D:1)
  18 orcs
  3 bats (D:2)
  3 endoplasms
  7 goblins
  6 hobgoblins
  4 quokkas
  5 ball pythons
  A frilled lizard (D:3)
  9 kobolds
  5 rats
122 creatures vanquished.

Vanquished Creatures (collateral kills)
  A foxfire (D:1)
1 creature vanquished.

Vanquished Creatures (others)
  64 foxfires
64 creatures vanquished.

Grand Total: 187 creatures vanquished

Notes
Turn   | Place    | Note
-------+----------+-------------------------------------------
     0 | D:1      | Zeld the Deep Elf Fire Elementalist began the quest for the
                  | Orb.
     0 | D:1      | Reached XP level 1. HP: 10/10 MP: 6/6
   374 | D:1      | Reached XP level 2. HP: 15/15 MP: 2/8
   377 | D:1      | Learned a level 2 spell: Scorch
  1247 | D:2      | Reached XP level 3. HP: 19/19 MP: 1/10
  1251 | D:2      | Learned a level 3 spell: Inner Flame
  1507 | D:2      | Reached skill level 4 in Spellcasting
  1742 | D:3      | Found a glowing drain.
  1747 | Sewer    | Entered a sewer
  1978 | Sewer    | Reached XP level 4. HP: 17/24 MP: 7/12
  2285 | Sewer    | Noticed a kobold brigand
  2295 | Sewer    | Killed a kobold brigand
  2296 | Sewer    | Reached skill level 5 in Spellcasting
  2296 | Sewer    | Reached XP level 5. HP: 25/28 MP: 3/14
  2506 | Sewer    | Reached skill level 5 in Fire Magic
  2716 | Sewer    | Reached XP level 6. HP: 4/32 MP: 2/16
  3164 | D:3      | Reached skill level 6 in Spellcasting
  3293 | D:3      | Found Iblasaqucat's Weapon Boutique.
  3767 | D:3      | Noticed Terence
  3768 | D:3      | Found a bloodstained altar of Trog.
  3771 | D:3      | Killed Terence
  3821 | D:3      | Found a shimmering blue altar of Sif Muna.
  3921 | D:4      | Noticed Menkaure
  4490 | D:4      | Noticed Ijyb
  4502 | D:4      | Killed Ijyb
  4661 | D:4      | Reached XP level 7. HP: 36/36 MP: 14/19
  5014 | D:4      | Killed Menkaure
  5015 | D:4      | Reached skill level 7 in Spellcasting
  5057 | D:4      | Noticed Sigmund
  5071 | D:4      | Killed Sigmund
  5521 | D:5      | Entered Level 5 of the Dungeon
  5676 | D:5      | Reached skill level 8 in Spellcasting
  5676 | D:5      | Reached XP level 8. HP: 38/41 MP: 8/22
  6030 | D:5      | Learned a level 3 spell: Ignite Poison
  6034 | D:5      | Learned a level 3 spell: Mephitic Cloud
  6752 | D:6      | Found a staircase to the Ecumenical Temple.
  6765 | Temple   | Entered the Ecumenical Temple
  6793 | Temple   | Became a worshipper of Vehumet
  7076 | D:6      | Noticed Prince Ribbit
  7083 | D:6      | Killed Prince Ribbit
  7084 | D:6      | Reached skill level 1 in Hexes
  7084 | D:6      | Reached skill level 1 in Transmutations
  7084 | D:6      | Reached skill level 1 in Air Magic
  7084 | D:6      | Reached skill level 1 in Poison Magic
  7401 | D:6      | Identified the +1 robe of Wazagod {Rampage Stlth+}
  7759 | D:7      | Found a broken altar of Ashenzari.
  8146 | D:7      | Found a flagged portal.
  8170 | Bailey   | Entered a bailey
  8381 | Bailey   | Noticed an orc knight
  8392 | Bailey   | Killed an orc knight
  8393 | Bailey   | Reached skill level 9 in Spellcasting
  8393 | Bailey   | Reached skill level 5 in Conjurations
  8393 | Bailey   | Reached XP level 9. HP: 45/45 MP: 2/24
  8729 | Bailey   | Found an iron altar of Okawaru.
  8729 | Bailey   | Noticed a kobold demonologist
  8729 | Bailey   | Noticed a kobold demonologist
  8734 | Bailey   | Reached * piety under Vehumet
  8734 | Bailey   | Offered knowledge of Magic Dart by Vehumet.
  8737 | Bailey   | Noticed a soul eater
  8740 | Bailey   | Noticed an orange demon
  8742 | Bailey   | Noticed an orange demon
  8744 | Bailey   | Killed from afar by a soul eater

Illustrated notes

Levels and vault maps discovered:
D:1:      sevenhm_arrival_forest_fort_large_4, layout_rooms
D:2:      layout_rooms, minmay_statues_item
D:3:      layout_basic, nzn_overflow_gifts_of_might_and_magic, serial_shops,
          nicolae_shop_advertising_works [nicolae_subvault_shop_adworks],
          gup_sewer_entry_bowl
D:4:      layout_loops_cross, nicolae_elevator_lobby_plus, uniq_sigmund,
          uniq_ijyb, uniq_menkaure
D:5:      layout_loops_ring
D:6:      layout_basic, minmay_temple_entry_hall, uniq_prince_ribbit1
D:7:      layout_gridville, ashenzari_conservatory_becter, serial_shops,
          nicolae_take_the_stairs, enter_bailey_1
Temple:   mainiacjoe_temple_coin_purse
Bailey:   bailey_axe_of_yendor_kennysheep, bailey

Skill      XL: |  1  2  3  4  5  6  7  8 |
---------------+-------------------------+-----
Spellcasting   | 4 5 6 8 9 |  9.3
Fire Magic     | 4 5 7 8 |  8.3
Conjurations   | 2 3 4 5 |  5.2
Dodging        | 3 4 |  4.9
Hexes          | 2 |  2.0
Transmutations | 2 |  2.0
Air Magic      | 2 |  2.0
Poison Magic   | 2 |  2.0
Stealth        | |  2.4

Action                   |  1- 3 |  4- 6 |  7- 9 || total
-------------------------+-------+-------+-------++-------
Melee: Unarmed           |     3 |       |       ||     3
       Short sword       |       |     6 |     5 ||    11
 Cast: Foxfire           |    39 |       |     1 ||    40
       Scorch            |    25 |    67 |    91 ||   183
       Inner Flame       |       |       |     1 ||     1
       Mephitic Cloud    |       |       |     7 ||     7
       Ignite Poison     |       |       |     7 ||     7
Evoke: Wand              |       |       |     1 ||     1
 Stab: Sleeping          |       |     1 |       ||     1
Armor: Robe              |     2 |     1 |     5 ||     8
Dodge: Dodged            |     5 |    23 |    38 ||    66
Block: Other             |       |       |     4 ||     4
